 Dungeon Crawl Stone Soup version 0.30-b1-2-g02819fbbbe (webtiles) character file.

Game seed: 4064959737156485151

9 Alarkh the Charlatan (level 2, 16/22 HPs)
             Began as a Demonspawn Artificer on Nov 24, 2023.
             Got out of the dungeon alive.
             The game lasted 00:00:16 (272 turns).

Alarkh the Charlatan (Demonspawn Artificer)          Turns: 272, Time: 00:00:17

Health: 16/22      AC:  3    Str: 12    XL:     2   Next: 3%
Magic:  2/2        EV: 11    Int: 12    God:
Gold:   17         SH:  4    Dex: 13    Spells: 1/1 levels left

rFire   . . .        a - +0 club
rCold   . . .        (no shield)
rNeg    . . .        b - +0 leather armour
rPois   .            (no helmet)
rElec   .            (no cloak)
rCorr   .            (no gloves)
SInv    .            (no boots)
Will    .....        (no amulet)
Stlth   +            (no ring)
HPRegen 0.23/turn    (no ring)
MPRegen 0.08/turn

%: no passive effects
@: no status effects
A: large bone plates 1
a: no special abilities


You escaped.
You visited 1 branch of the dungeon, and saw 1 of its levels.

You collected 17 gold pieces.

Inventory:

Hand Weapons
 a - a +0 club (weapon)
Armour
 b - a +0 leather armour (worn)
Wands
 c - a wand of flame (12) (quivered)
 d - a wand of charming (15)
 e - a wand of iceblast (5)
Scrolls
 f - 2 scrolls of identify {unknown}
 g - a scroll of blinking {unknown}
Potions
 h - a potion of resistance {unknown}


   Skills:
 + Level 2.1 Fighting
 - Level 1.7 Armour
 - Level 0.8 Dodging
 - Level 0.8 Stealth
 - Level 3.0 Evocations


You had one spell level left.
You didn't know any spells.
Your spell library was empty.

Dungeon Overview and Level Annotations

Branches:
Dungeon (1/15)

Altars:


Innate Abilities, Weirdness & Mutations

You are partially covered in large bone plates. (SH +4)


Message History

2 rats come into view.
Found 16 gold pieces.
There are monsters nearby!
There are monsters nearby!
A rat comes into view.
The rat bites you but does no damage.
There is an open door here.
You barely miss the rat.
The rat twitches its whiskers.
The rat bites you. The rat barely misses you.
You hit the rat.
You kill the rat!
You hit the rat.
You kill the rat!
You have reached level 2!
Your demonic ancestry asserts itself...
Large bone plates grow over parts of your arms.
You see here a rat corpse.
You hit the rat.
The rat is heavily wounded.
The rat bites you. The rat bites you but does no damage.
You closely miss the rat.
The rat is heavily wounded.
The rat bites you.
You barely miss the rat.
The rat is heavily wounded.
The rat bites you.
You hit the rat.
You kill the rat!
No target in view!
No target in view!
No target in view!
No target in view!
No target in view!
No target in view!
No target in view!
There is an open door here.
There is a staircase leading out of the dungeon here.
Are you sure you want to leave the Dungeon?
This will make you lose the game!
You have escaped!

##..##.# #....# #####
##...#.# #....# ##.$...
#......#####....###.....
............#...##....
.##.########....##.†#
###.# ###...#††# # #.#
#..##'#'## ##'##
#.##....# ##...##
#.##..@.# #.....##
#.###.### .......##
#......#
........###....#.########
........'................
........###....#.########
.......## #.#..#.#
#.....## #.##.#.# ##...##
#.##.#.#


There were no monsters in sight!

Vanquished Creatures
  A dart slug (D:1)
  2 jackals (D:1)
  2 frilled lizards (D:1)
  3 rats (D:1)
8 creatures vanquished.

Notes
Turn   | Place    | Note
-------+----------+-------------------------------------------
     0 | D:1      | Alarkh the Demonspawn Artificer began the quest for the
                  | Orb.
     0 | D:1      | Reached XP level 1. HP: 15/15 MP: 1/1
   263 | D:1      | Gained mutation: You are partially covered in large bone
                  | plates. (SH +4) [demonic ancestry]
   263 | D:1      | Reached XP level 2. HP: 20/22 MP: 2/2
   272 | D:$      | Got out of the dungeon alive.

Illustrated notes

Levels and vault maps discovered:
D:1:      dpeg_arrival_ratfight, layout_loops_corners, minmay_misc_feat_square,
          chequers_serial_rivers_large_b, serial_bayou_pond_b

Skill      XL: |  1 |
---------------+----+-----
Fighting       | 2 |  2.1
Armour         | |  1.7
Dodging        | |  0.8
Stealth        | |  0.8
Evocations     | |  3.0

Action                     || total
---------------------------++-------
  Melee: Club              ||    33
  Evoke: Wand              ||     3
 Armour: Leather armour    ||    12
  Dodge: Dodged            ||    22
